Map: Dusk Towers

Players

juhyg - Winner!

  • Race: Zerg Zerg
  • League: Silver

Alex

  • Race: Zerg Zerg
  • League: Silver

VOD

Have the link to the VOD?

Description

Time

  • Played on: Feb. 7, 2016, 11:08 p.m.
  • Length: 9:40
Show
View Real Time Build Order
Export as new Build Order

juhyg Zerg - Winner!

Build Orders: Pool First 

Get SALT Encoding   

  12  0:19  Spawning Pool  
  11  0:22  Drone  
  11  0:26  Drone  
  13  0:31  Drone  
  14  0:42  Overlord  
  14  0:49  Overlord  
  14  1:02  Drone  
  15  1:07  Drone  
  15  1:08  Queen  
  18  1:16  Extractor  
  18  1:17  Drone  
  18  1:40  Zergling x2  
  18  1:41  Zergling x2  
  20  1:51  Roach Warren  
  19  1:55  Drone  
  20  2:18  Zergling x8  
  20  2:19  Zergling x2  
  25  2:32  Metabolic Boost  
  25  2:37  Drone x2  
  27  2:50  Zergling x6  
  30  3:07  Overlord x2  
  24  3:40  Zergling x4  
  24  3:41  Zergling x4  
  27  3:46  Zergling x2  
  28  4:03  Zergling x2  
  28  4:07  Hatchery  
  28  4:14  Zergling x6  
  28  4:15  Zergling x2  
  32  4:30  Zergling x2  
  32  4:31  Zergling x2  
  34  4:43  Zergling x2  
  35  4:59  Zergling x8  
  24  5:32  Drone x2  
  24  5:33  Drone x5  
  31  5:37  Queen  
  31  5:42  Roach x2  
  37  5:46  Extractor  
  36  5:50  Extractor  
  35  6:06  Roach x4  
  35  6:07  Roach x2  
  47  6:24  Roach x2  
  51  6:26  Overlord x2  
  51  6:28  Lair  
  51  6:32  Zergling x2  
  52  6:38  Overlord x2  
  52  6:51  Roach x4  
  52  6:52  Roach x3  
  66  6:58  Roach  
  68  7:06  Roach x3  
  74  7:21  Roach x2  
  78  7:23  Roach  
  78  7:27  Drone  
  81  7:30  Drone  
  82  7:51  Roach  
  84  7:52  Overlord  
  84  7:53  Overlord  
  78  8:11  Roach x4  
  62  9:10  Roach x5  
  62  9:11  Roach  
Show
View Real Time Build Order
Export as new Build Order

Alex Zerg 

Build Orders: Pool First, Zergling Baneling 

Get SALT Encoding   

  12  0:01  Drone  
  13  0:09  Drone  
  14  0:27  Spawning Pool  
  13  0:29  Drone  
  14  0:39  Overlord  
  14  1:04  Hatchery  
  13  1:13  Drone x2  
  13  1:14  Drone  
  16  1:25  Queen  
  16  1:29  Drone  
  19  1:38  Overlord  
  19  1:46  Drone  
  20  1:51  Extractor  
  19  2:03  Spine Crawler  
  19  2:06  Queen  
  20  2:12  Drone x2  
  22  2:19  Queen  
  24  2:24  Overlord  
  24  2:31  Overlord  
  24  2:46  Zergling x2  
  24  2:47  Zergling x6  
  28  2:58  Overlord  
  28  2:59  Overlord  
  28  3:18  Baneling Nest  
  23  3:43  Drone x8  
  23  3:44  Drone  
  32  3:55  Spine Crawler  
  31  3:56  Spine Crawler  
  30  4:06  Drone  
  30  4:07  Drone  
  32  4:30  Zergling x8  
  32  4:31  Zergling x8  
  40  4:41  Zergling x8  
  44  4:52  Baneling  
  44  4:53  Baneling x13  
  44  4:55  Zergling x4  
  44  4:56  Zergling x2  
  43  5:27  Zergling x20  
  53  5:36  Lair  
  53  5:37  Drone  
  54  5:50  Hatchery  
  53  6:09  Extractor  
  52  6:12  Extractor  
  52  6:13  Metabolic Boost  
  52  6:17  Overlord x2  
  51  6:22  Extractor  
  51  6:24  Drone x2  
  51  6:25  Drone x2  
  54  6:59  Drone  
  54  7:00  Drone x7  
  62  7:07  Zergling x2  
  62  7:08  Zergling x4  
  65  7:19  Drone x2  
  65  7:20  Drone x5  
  72  7:29  Roach Warren  
  71  7:35  Hydralisk Den  
  70  7:42  Drone  
  70  7:43  Drone x7  
  78  7:51  Spore Crawler  
  78  7:57  Spore Crawler  
  78  7:58  Spore Crawler  
  74  7:59  Spore Crawler  
  73  8:14  Spore Crawler  
  73  8:15  Spore Crawler  
  73  8:16  Spore Crawler  
  73  8:18  Spore Crawler  
  69  8:21  Spore Crawler  
  69  8:25  Spore Crawler  
  69  8:27  Spore Crawler x2  
  55  8:30  Roach  
  55  8:31  Roach x4  
  33  9:11  Hydralisk  
  33  9:12  Hydralisk x7  
Tags
 
Add a new tag
Caveats
  • Supply blocks, unpowered buildings, or Contaminate may cause inaccurate times.
  • Supply counts are checked every 10 seconds.